 Dungeon Crawl Stone Soup version 0.30-a0-297-g0ec75d9ef4 (webtiles) character file.

Game seed: 12289506536334709023

1381 lunkers the Carver (level 9, -4/79 HPs)
             Began as a Meteoran Fighter on Oct 18, 2022.
             Was a Priest of Zin.
             Slain by a two-headed ogre
             ... wielding a +0 giant spiked club
              (28 damage)
             ... on level 6 of the Dungeon.
             The game lasted 00:04:25 (1584 turns).

lunkers the Carver (Meteoran Fighter)               Turns: 1584, Time: 00:04:26

Health: -4/79      AC: 10    Str: 18    XL:     9   Next: 19%
Magic:  15/15      EV:  9    Int: 11    God:    Zin [***...]
Gold:   44         SH:  5    Dex: 17    Spells: 8/8 levels left

rFire   . . .      SeeInvis .    a - +0 long sword
rCold   . . .      Faith    .    c - +0 buckler
rNeg    . . .      Spirit   .    b - +0 scale mail
rPois   +          Reflect  .    (no helmet)
rElec   .          Harm     .    (no cloak)
rCorr   .          Rampage  .    y - +2 pair of gloves {hurl}
Will    +....                    (no boots)
Stlth   ..........               n - amulet of the acrobat
HPRegen 0.33/turn                l - ring of poison resistance
MPRegen 0.14/turn                r - ring of wizardry

@: mighty, glowing
A: sense surroundings 2, otherworldly, glowing, explore regen
a: Renounce Religion, Recite, Vitalisation, Imprison, Donate Gold


You were on level 6 of the Dungeon.
You worshipped Zin.
Zin was most pleased with you.
You visited 1 branch of the dungeon, and saw 6 of its levels.

You collected 239 gold pieces.
You spent 172 gold pieces at shops.
You donated 23 gold pieces to Zin.

Inventory:

Hand Weapons
 a - a +0 long sword (weapon)
Missiles
 q - 2 datura-tipped darts
 B - 4 poisoned darts
 C - 4 stones
Armour
 b - a +0 scale mail (worn)
 c - a +0 buckler (worn)
 h - a +0 leather armour of cold resistance
 y - a +2 pair of gloves of hurling (worn)
Jewellery
 l - a ring of poison resistance (left hand)
 n - an amulet of the acrobat (around neck)
 r - a ring of wizardry (right hand)
Wands
 A - a wand of charming (5)
Scrolls
 e - a scroll of blinking {unknown}
 g - 2 scrolls of silence {unknown}
 i - a scroll of teleportation {unknown}
 j - a scroll of poison {unknown}
 m - a scroll of noise {unknown}
 o - 4 scrolls of immolation {unknown}
 p - a scroll of vulnerability {unknown}
 s - 6 scrolls of identify {unknown}
 u - 3 scrolls of magic mapping {unknown}
 v - a scroll of brand weapon {unknown}
Potions
 f - a potion of magic {unknown}
 k - a potion of heal wounds {unknown}
 t - a potion of lignification {unknown}
 w - a potion of berserk rage {unknown}
 x - 3 potions of curing {unknown}
 z - a potion of mutation {unknown}
 D - a potion of attraction {unknown}


   Skills:
 + Level 7.0 Fighting
 - Level 8.0 Long Blades
 + Level 3.8 Armour
 + Level 0.9 Dodging
 + Level 3.8 Shields
 + Level 7.2 Invocations


You had 8 spell levels left.
You didn't know any spells.
Your spell library contained the following spells:

 Spells                   Type           Power      Damage    Failure   Level
 Foxfire                  Conj/Fire      0%         2x1d4     47%         1
 Magic Dart               Conj           0%         1d3       47%         1
 Call Imp                 Summ           0%         N/A       61%         2
 Searing Ray              Conj           0%         2d4       61%         2
 Call Canine Familiar     Summ           0%         N/A       83%         3
 Portal Projectile        Hex/Tloc       0%         N/A       83%         3
 Fulminant Prism          Conj/Hex       0%         3d6       99%         4
 Leda's Liquefaction      Hex/Erth       0%         N/A       99%         4


Dungeon Overview and Level Annotations

Branches:
Dungeon (6/15) Zot: 1974
 Temple: D:4-7

Altars:
Vehumet
Zin

Shops:
D:1 (   D:5 *[!

Annotations:
D:6 2 runed translucent doors


Innate Abilities, Weirdness & Mutations

You passively map the area around you.
You are easily found by Zot.
You glow in the dark.
You regain HP and MP as you explore.


Message History

You block the orc's attack.
Your Fighting skill increases to level 7!
You completely miss the orc. The orc hits you but does no damage.
You miss the adder. The adder bites you but does no damage.
The orc hits you but does no damage. The adder barely misses you.
You miss the adder.
A two-headed ogre comes into view.
It is wielding a +0 giant spiked club and a +0 dire flail.
You block the orc's attack. The adder barely misses you.
The orc hits you but does no damage.
You barely miss the adder.
The two-headed ogre shouts in stereo!
The adder bites you but does no damage. x2
The orc hits you but does no damage.
You closely miss the adder. The adder bites you.
You are poisoned.
The adder poisons you!
You hit the two-headed ogre.
The two-headed ogre is lightly wounded.
You feel sick. The adder bites you but does no damage.
You hit the two-headed ogre.
The two-headed ogre is lightly wounded.
You feel sick. The adder closely misses you.
You block the two-headed ogre's attack.
The two-headed ogre hits you with a +0 dire flail.
The adder barely misses you.
You slash the two-headed ogre!
The two-headed ogre is moderately wounded.
You feel sick.
You are no longer poisoned.
The adder barely misses you.
You hit the two-headed ogre.
The two-headed ogre is moderately wounded.
The adder barely misses you.
The two-headed ogre hits you with a +0 giant spiked club!!
* * * LOW HITPOINT WARNING * * *
The two-headed ogre barely misses you. The adder bites you.
* * * LOW HITPOINT WARNING * * *
You feel very mighty all of a sudden.
The two-headed ogre hits you with a +0 giant spiked club!!
You die...

# *,.,#, ... #.#
#...# # * , ....
#.#####.# ####,
..., ##.......#
...#, *
,........#####.#
...# ,.######..#
#.### ...# *
.##.# #...###
...# *
##.#.######...#
...# *
,#oO#........#.#
...# *,
,#S@.##++##...#
...# *,
#####8B.8##..#
...# * ,,,
#8....8#..#
..### , * **
#)....?#..#
...... *
#(...."#..#
###### ,*
#8....8#..# * *
, ##8..8##..# ,
, * , * * , * *
* *, ,, * *


You could see a two-headed ogre, an adder and an orc.

Vanquished Creatures
  Pikel (D:6)
  A black bear (D:6)
  A sky beast (D:6)
  A lemure (D:6)
  A bullfrog (D:6)
  4 scorpions
  A howler monkey (D:6)
  2 orc priests (D:3)
  4 hounds
  An iguana (D:4)
  4 orc wizards
  8 adders
  A white imp (D:6)
  A worm (D:2)
  11 orcs
  7 ball pythons
  2 endoplasms
  A giant cockroach (D:1)
  4 goblins
  5 hobgoblins
  2 jackals (D:4)
  A quokka (D:1)
  2 bats (D:1)
  4 kobolds
  3 rats
73 creatures vanquished.

Notes
Turn   | Place    | Note
-------+----------+-------------------------------------------
     0 | D:1      | lunkers the Meteoran Fighter began the quest for the Orb.
     0 | D:1      | Reached XP level 1. HP: 19/19 MP: 2/2
    53 | D:1      | Reached skill level 3 in Long Blades
    53 | D:1      | Reached XP level 2. HP: 25/26 MP: 3/3
   145 | D:1      | Found Payn's Weapon Shop.
   170 | D:2      | Reached skill level 4 in Long Blades
   170 | D:2      | Reached XP level 3. HP: 24/31 MP: 4/4
   212 | D:2      | Found a faded altar of an unknown god.
   221 | D:2      | Got Plato's Lectures on Flames
   222 | D:2      | Prayed at the altar of an unknown god.
   222 | D:2      | Became a worshipper of Zin the Law-Giver
   222 | D:2      | Reached * piety under Zin
   443 | D:2      | Reached ** piety under Zin
   481 | D:3      | Reached XP level 4. HP: 38/38 MP: 5/5
   496 | D:2      | Reached skill level 5 in Long Blades
   522 | D:3      | Reached XP level 5. HP: 24/45 MP: 6/6
   530 | D:3      | Reached skill level 6 in Long Blades
   610 | D:3      | Reached XP level 6. HP: 40/51 MP: 7/7
   740 | D:4      | Reached skill level 7 in Long Blades
   817 | D:4      | Reached skill level 8 in Long Blades
   817 | D:4      | Reached XP level 7. HP: 56/57 MP: 8/8
   905 | D:4      | Reached *** piety under Zin
   915 | D:5      | Entered Level 5 of the Dungeon
   926 | D:5      | Reached skill level 1 in Invocations
   964 | D:5      | Found a radiant altar of Vehumet.
   985 | D:5      | Found Vaistri's General Store.
   994 | D:5      | Found Xissa's Distillery.
  1041 | D:5      | Found Nemnica's Antique Armour Shoppe.
  1050 | D:5      | Bought a pair of runed gloves for 172 gold pieces
  1102 | D:5      | Got the Compilation of the Comitatus
  1233 | D:6      | Reached XP level 8. HP: 30/67 MP: 11/11
  1313 | D:6      | Noticed Pikel
  1326 | D:6      | Killed Pikel
  1486 | D:6      | Gained mutation: You passively map the area around you.
                  | [Meteoran growth]
  1486 | D:6      | Reached XP level 9. HP: 42/78 MP: 13/15
  1540 | D:6      | Found a large runed translucent door.
  1540 | D:6      | Found a large runed translucent door.
  1547 | D:6      | Noticed a boulder beetle
  1547 | D:6      | Noticed a troll
  1577 | D:6      | Noticed a two-headed ogre
  1584 | D:6      | Slain by a two-headed ogre

Illustrated notes

Levels and vault maps discovered:
D:1:      minmay_arrival_shoal_huts, layout_rooms, serial_shops,
          nicolae_shop_waterfront
D:2:      layout_basic, shapermc_ecumenical_altar_rom_forum,
          chequers_serial_rivers_micro_d, uniq_robin
D:3:      layout_basic
D:4:      layout_basic, chequers_serial_rivers_micro_b, uniq_sigmund
D:5:      layout_cave_pools, mainiacjoe_overflow_six_doors_small, serial_shops,
          shop_fountains, kennysheep_little_box, shop, shop, nicolae_shop_stone,
          feat_on_display
D:6:      layout_basic, minmay_hollow_rounded_squares, uniq_pikel

Skill      XL: |  1  2  3  4  5  6  7  8  9 |
---------------+----------------------------+-----
Long Blades    | 3 4 5 6 8 |  8.0
Invocations    | 3 6 7 |  7.2
Fighting       | 4 6 7 |  7.0
Armour         | |  3.8
Dodging        | |  0.9
Shields        | |  3.8

Action                   |  1- 3 |  4- 6 |  7- 9 || total
-------------------------+-------+-------+-------++-------
Melee: Long sword        |    68 |   112 |   166 ||   346
Evoke: Wand              |       |       |     2 ||     2
  Use: Potion            |       |       |     2 ||     2
Armor: Scale mail        |    45 |    29 |   101 ||   175
Dodge: Dodged            |    24 |    36 |    59 ||   119
Block: Buckler           |    24 |    32 |    44 ||   100

Table legend: (Time is in decaauts)
 A = Elapsed time spent in this place.
 B = Non-inter-level travel time spent in this place.
 C = Inter-level travel time spent in this place.
 D = Time resting spent in this place.
 E = Time spent auto-exploring this place.
 F = Levels seen in this place.
 G = Mean time per level.
                   A        B        C        D        E       F      G
               +--------+--------+--------+--------+--------+-----+--------+
         Total |   1624 |   1588 |     36 |      0 |    854 |   6 |  270.7 |
       Dungeon |   1624 |   1588 |     36 |      0 |    854 |   6 |  270.7 |
               +--------+--------+--------+--------+--------+-----+--------+

Top non-repeatable levels by time:
     D:6: 458 daAuts
     D:2: 329 daAuts
     D:4: 227 daAuts
     D:5: 218 daAuts
     D:3: 217 daAuts
     D:1: 174 daAuts
